AoeStats
← *$up3r [N]0v@*

Arena

508468833Analyzed
4v4 RM · 8d ago on Sep 22, 2026· 46m 54s· 8 players
Game mode
Random Map
Map size
Large (8 player)
Population
200
Speed
Normal
Resources
Standard
Victory
Conquest
Starting age
Dark Age
Ending age
Imperial Age
RankedLock teamsTeams togetherTeam positionsShared explorationLock speedFull tech treeHidden civsTurbo modeCheats
Victory
Defeat
🇩🇪 Celts · Germany
1151
+12
🇩🇪 Romans · Germany
1109
+14
🇩🇪 Spanish · Germany
1100
+14
🇮🇳 Turks · India
1023
+18
🇩🇪 Chinese · Germany
1090
-35
🇹🇷 Khmer · Türkiye
1077
-15
🇨🇱 Varangians · Chile
1045
-14
🇨🇱 Persians · Chile
1032
-13
cezinem
12:36 Feudal Age
16:45 Castle Age
17:51 Double-Bit Axe
19:39 Gold Mining
24:31 Horse Collar
26:35 Heavy Plow
29:57 Imperial Age
32:12 Elite Ballista Elephant
32:39 Pikeman
33:47 Bow Saw
34:45 Halberdier
36:33 Padded Archer Armor
36:24 Fletching
36:45 Forging
38:38 Heavy Scorpion
40:49 Scale Mail Armor
40:54 Scale Barding Armor
42:54 Chain Barding Armor
44:50 Bodkin Arrow
Schrobson77
0:43 Loom
11:09 Feudal Age
12:14 Feudal Age
14:18 Wheelbarrow
13:30 Double-Bit Axe
16:51 Castle Age
17:44 Stone Mining
17:38 Horse Collar
18:11 Bow Saw
18:59 Hand Cart
21:37 Gold Mining
29:59 Imperial Age
30:01 Ballistics
31:03 Heavy Rocket Cart
31:41 Fletching
31:52 Padded Archer Armor
32:55 Chemistry
33:17 Bodkin Arrow
32:54 Elite Chu Ko Nu
34:01 Bracer
34:52 Gold Shaft Mining
35:55 Forging
38:42 Conscription
39:23 Leather Archer Armor
39:11 Town Watch
39:51 Bombard Tower
39:43 Masonry
40:35 Elite Fire Lancer
41:33 Pikeman
42:14 Squires
41:59 Arson
42:49 Ring Archer Armor
42:54 Iron Casting
42:23 Scale Mail Armor
43:48 Two-Man Saw
45:53 Caravan
RafaelLoz
3:29 Loom
5:06 Loom
10:21 Feudal Age
12:24 Double-Bit Axe
20:07 Castle Age
18:09 Horse Collar
19:34 Padded Archer Armor
21:07 Heavy Plow
21:20 Bow Saw
26:32 Fletching
26:56 Forging
31:13 Husbandry
32:48 Wheelbarrow
34:48 Imperial Age
34:02 Kamandaran
34:52 Fletching
34:53 Crossbowman
36:16 Thumb Ring
40:58 Chemistry
42:30 Two-Man Saw
43:03 Leather Archer Armor
43:24 Bodkin Arrow
CL.CKrugger
11:44 Feudal Age
16:54 Castle Age
22:07 Double-Bit Axe
23:20 Wheelbarrow
23:46 Horse Collar
28:18 Imperial Age
26:26 Fletching
27:22 Gold Mining
28:19 Hand Cart
28:45 Heavy Plow
30:03 Bodkin Arrow
30:14 Scale Barding Armor
31:06 Bracer
34:11 Conscription
33:42 Vendel Legacy
34:33 Elite Skirmisher
36:56 Chain Barding Armor
36:37 Padded Archer Armor
38:02 Cranequins
38:51 Loom
38:51 Town Watch
39:02 Stone Mining
39:47 Bow Saw
40:50 Town Patrol
42:43 Two-Man Saw
43:00 Stone Shaft Mining
44:42 Husbandry
Almhi
12:00 Feudal Age
16:14 Castle Age
14:29 Double-Bit Axe
14:27 Horse Collar
17:32 Bow Saw
18:07 Heavy Plow
21:32 Pikeman
24:59 Wheelbarrow
25:05 Gold Mining
25:42 Stone Mining
26:44 Gold Shaft Mining
26:05 Town Watch
26:50 Hand Cart
27:23 Stone Shaft Mining
28:58 Loom
33:44 Imperial Age
31:52 Scale Mail Armor
32:02 Forging
33:39 Chain Mail Armor
33:59 Iron Casting
34:20 Caravan
34:05 Onager
34:19 Halberdier
35:34 Furor Celtica
35:44 Conscription
37:26 Siege Engineers
37:42 Ballistics
38:23 Chemistry
37:14 Heated Shot
40:11 Siege Onager
42:09 Heavy Scorpion
hurricanehoffmann
10:53 Feudal Age
14:24 Castle Age
12:45 Horse Collar
12:54 Double-Bit Axe
20:46 Wheelbarrow
21:38 Heavy Plow
22:22 Bow Saw
22:41 Loom
28:20 Imperial Age
26:46 Hand Cart
26:17 Town Watch
27:14 Scale Barding Armor
27:52 Bloodlines
27:45 Husbandry
28:43 Cavalier
33:50 Conscription
35:54 Hoardings
36:20 Chain Barding Armor
36:10 Forging
38:22 Plate Barding Armor
37:39 Fletching
37:41 Gold Mining
37:58 Paladin
40:54 Iron Casting
40:15 Bodkin Arrow
sennsen87
0:27 Loom
7:07 Loom
12:06 Feudal Age
16:15 Castle Age
14:23 Man-at-Arms
14:59 Stone Mining
19:33 Scale Mail Armor
20:24 Gold Mining
20:49 Double-Bit Axe
21:45 Fletching
22:45 Horse Collar
24:30 Wheelbarrow
26:07 Forging
27:34 Squires
28:50 Ballistas
29:35 Murder Holes
31:27 Heavy Plow
31:39 Bow Saw
32:10 Pikeman
33:55 Bodkin Arrow
34:32 Ballistics
35:30 Gold Shaft Mining
39:25 Imperial Age
37:56 Hand Cart
39:51 Chain Mail Armor
39:53 Heavy Scorpion
41:59 Chemistry
43:18 Fortified Wall
45:30 Iron Casting
46:50 Conscription
46:07 Halberdier
*$up3r [N]0v@*
11:45 Feudal Age
15:43 Castle Age
24:43 Imperial Age
22:16 Double-Bit Axe
22:33 Horse Collar
25:34 Fletching
26:42 Thumb Ring
26:45 Loom
28:30 Crossbowman
29:47 Bow Saw
31:30 Bodkin Arrow
31:42 Padded Archer Armor
35:11 Masonry
38:43 Guilds
42:55 Two-Man Saw
41:56 Heavy Plow
41:48 Gold Mining
41:48 Stone Mining
41:58 Bodkin Arrow
42:19 Leather Archer Armor
42:26 Ballistics
42:58 Forging
42:54 Scale Barding Armor
43:21 Architecture
42:33 Treadmill Crane
43:25 Architecture
Connection lost

Rejoining the realm…

Still unreachable

The connection could not be restored.

Session expired

The server has moved on; the page needs a fresh start.